 Seeded DCSS version 0.29-a0-542-g075992c915 (webtiles) character file.

Game seed: 9604906113238802953 (custom seed)

77665 zeratav the Alchemist (level 15, -5/140 HPs)
             Began as an Octopode Earth Elementalist on June 3, 2022.
             Was a Priest of Ashenzari.
             Killed by divine providence
             ... invoked by an orc priest
              (11 damage)
             ... on level 2 of the Orcish Mines on June 4, 2022.
             The game lasted 00:56:03 (26817 turns).

zeratav the Alchemist (OpEE)                       Turns: 26817, Time: 00:56:03

Health: -5/140     AC: 38    Str: 23    XL:     15   Next: 57%
Magic:  35/35      EV: 16    Int: 31    God:    Ashenzari [***...]
Gold:   2475       SH: 12    Dex: 13    Spells: 7/29 levels left

rFire   + . .      SeeInvis +     - Unarmed
rCold   . . .      Faith    .   H - +0 buckler "Behold Eternity" {Elem, Fort} (curse)
rNeg    + . .      Spirit   .   (helmet restricted)
rPois   ∞          Reflect  +   j - amulet of Ashenzari's Hedonism {Reflect SH+5, Elem, Fort} (curse)
rElec   +          Harm     .   G - ring of Star-Bound Wisdom {AC+4, Melee, Comp} (curse)
rCorr   +          Rampage  .   s - +6 ring of intelligence
Will    +....      Clarity  +   v - ring of the Shackled Malaise {AC+4, Elem, Evo} (curse)
Stlth   +++.......              C - ring of Vijuulat {rF+ Int+4}
HPRegen 0.33/turn               B - ring of Curses and Power {Str+6, Elem, Self} (curse)
MPRegen 0.24/turn               I - +6 ring of strength
                                O - ring of the Lashed Pleiades {Wiz rCorr, Melee, Elem} (curse)
                                y - ring "Zoanong" {MP+9 Str+3 Int-3 Slay+3 SInv}

@: about to teleport, statue-form, very slow
A: slow and powerful, torment resistance 1, boosted hp, almost no armour,
amphibious, 8 rings, camouflage 1, (gelatinous body 1), (nimble swimmer 1),
tentacles
a: End Transformation, Renounce Religion, Curse Item, Shatter the Chains


You were on level 2 of the Orcish Mines.
You worshipped Ashenzari.
Ashenzari was most pleased with you.
You were a living statue of rough stone.
You visited 4 branches of the dungeon, and saw 21 of its levels.
You also visited: Gauntlet and Ice Cave.

You collected 2475 gold pieces.


Innate Abilities, Weirdness & Mutations

You are a living statue of rough stone.
Your actions are slow, but your melee attacks are powerful.
You are resistant to unholy torment.
Your maximum health is greatly increased.
You are immune to poison.
You cannot wear most types of armour.
You are amphibious.
You can wear up to eight rings at the same time.
Your skin changes colour to match your surroundings (Stealth+).
((Your rubbery body absorbs attacks. (AC +1, EV +1)))
((You are camouflaged when in or above water. (Stealth+)))
You have tentacles for arms and can constrict up to eight enemies at once.


   Skills:
 + Level 10.5(12.1) Fighting
 - Level 10.0 Dodging
 - Level 2.6 Stealth
 - Level 8.7(11.2) Shields
 - Level 9.1(11.5) Unarmed Combat
 - Level 6.0(7.6) Spellcasting
 - Level 15.0 Transmutations
 - Level 12.5(17.1) Earth Magic


You had 7 spell levels left.
You knew the following spells:

 Your Spells              Type           Power      Damage    Failure   Level
a - Sandblast             Erth           100%       2d20      0%          1
b - Stone Arrow           Conj/Erth      100%       3d13      1%          3
c - Lee's Rapid Deconstr  Erth           43%        3d22*     1%          5
d - Statue Form           Tmut/Erth      56%        N/A       1%          6
e - Borgnjor's Vile Clut  Necr/Erth      30%        N/A       1%          5
f - Passwall              Tmut/Erth      70%        N/A       0%          2

Your spell library contained the following spells:

 Spells                   Type           Power      Damage    Failure   Level
 Magic Dart               Conj           44%        1d5       1%          1
 Ice Form                 Ice/Tmut       57%        N/A       1%          4
 Leda's Liquefaction      Hex/Erth       30%        N/A       1%          4
 Petrify                  Tmut/Erth      84%        N/A       1%          4
 Static Discharge         Conj/Air       13%        N/A       2%          2
 Alistair's Intoxication  Tmut/Pois      36%        N/A       2%          5
 Searing Ray              Conj           22%        2d5       3%          2
 Ozocubu's Armour         Ice            16%        N/A       4%          3
 Dazzling Flash           Conj/Hex       22%        N/A       6%          3
 Eringya's Noxious Bog    Tmut/Pois      27%        N/A       14%         6
 Summon Ice Beast         Ice/Summ       14%        N/A       16%         4
 Hailstorm                Conj/Ice       13%        3d5       17%         4
 Fulminant Prism          Conj/Hex       5%         3d7       21%         4
 Agony                    Necr           13%        N/A       43%         5
 Lightning Bolt           Conj/Air       6%         1d18      43%         5
 Silence                  Hex/Air        6%         N/A       43%         5
 Ozocubu's Refrigeration  Ice            8%         4d6       100%        7
 Necromutation            Tmut/Necr      28%        N/A       99%         8
 Borgnjor's Revivificati  Necr           6%         N/A       100%        8
 Maxwell's Capacitive Co  Air            8%         ∞         100%        8
 Death's Door             Necr           6%         N/A       100%        9
 Polar Vortex             Ice            8%         N/A       100%        9

Inventory:

Missiles
 a - 395 stones {throwing}
Armour
 H - the cursed +0 buckler "Behold Eternity" (worn) {Elem, Fort}
   (You took it off a gnoll sergeant on level 8 of the Dungeon)

   It has a curse which improves the following skills: Elements: Fire Magic, Ice
   Magic, Air Magic and Earth Magic.
   Fortitude: Shields.
 W - a +0 crystal plate armour of cold resistance {rare=g}
   (You found it in an ice cave)
Jewellery
 j - the cursed amulet of Ashenzari's Hedonism (around mantle) {Reflect SH+5, Elem, Fort}
   (You found it on level 2 of the Lair of Beasts)

   [amulet of reflection]

   It reflects blocked missile attacks.
   SH:        It affects your SH (+5).
   It has a curse which improves the following skills: Elements: Fire Magic, Ice
   Magic, Air Magic and Earth Magic.
   Fortitude: Shields.
 s - a +6 ring of intelligence (right tentacle)
   (You found it on level 4 of the Dungeon)
 t - the amulet "Siputapn" {Spirit Will+ Str+3}
   (You found it on level 5 of the Dungeon)

   [amulet of guardian spirit]

   It causes incoming damage to be divided between your reserves of health and
   magic.
   Str:       It affects your strength (+3).
   Will:      It increases your willpower.
 v - the cursed ring of the Shackled Malaise (on tentacle) {AC+4, Elem, Evo}
   (You took it off a kobold brigand on level 5 of the Dungeon)

   [ring of protection]

   AC:        It affects your AC (+4).
   It has a curse which improves the following skills: Elements: Fire Magic, Ice
   Magic, Air Magic and Earth Magic.
   Evocations: Evocations.
 y - the ring "Zoanong" (on tentacle) {MP+9 Str+3 Int-3 Slay+3 SInv}
   (You found it in a Gauntlet)

   [ring of see invisible]

   Str:       It affects your strength (+3).
   Int:       It affects your intelligence (-3).
   Slay:      It affects your accuracy & damage with ranged weapons and melee
   (+3).
   MP:        It affects your magic capacity (+9).
   SInv:      It lets you see invisible.
 B - the cursed ring of Curses and Power (on tentacle) {Str+6, Elem, Self}
   (You found it on level 7 of the Dungeon)

   [ring of strength]

   Str:       It affects your strength (+6).
   It has a curse which improves the following skills: Elements: Fire Magic, Ice
   Magic, Air Magic and Earth Magic.
   Introspection: Fighting and Spellcasting.
 C - the ring of Vijuulat (on tentacle) {rF+ Int+4}
   (You found it in a Gauntlet)

   [ring of protection from fire]

   Int:       It affects your intelligence (+4).
   rF:        It protects you from fire.
 G - the cursed ring of Star-Bound Wisdom (left tentacle) {AC+4, Melee, Comp}
   (You took it off a minotaur in a Gauntlet)

   [ring of protection]

   AC:        It affects your AC (+4).
   It has a curse which improves the following skills: Melee Combat: Short
   Blades, Long Blades, Axes, Maces & Flails, Polearms, Staves and Unarmed
   Combat.
   Companions: Summonings and Necromancy.
 I - a +6 ring of strength (on tentacle)
   (You found it on level 8 of the Dungeon)
 O - the cursed ring of the Lashed Pleiades (on tentacle) {Wiz rCorr, Melee, Elem}
   (You found it on level 9 of the Dungeon)

   [ring of wizardry]

   It improves your spell success rate.
   rCorr:     It protects you from acid and corrosion.
   It has a curse which improves the following skills: Melee Combat: Short
   Blades, Long Blades, Axes, Maces & Flails, Polearms, Staves and Unarmed
   Combat.
   Elements:  Fire Magic, Ice Magic, Air Magic and Earth Magic.
 T - a ring of positive energy
   (You found it in a Gauntlet)
 U - a +4 ring of protection
   (You found it on level 5 of the Lair of Beasts)
 X - the ring of the Villain {Ice Dex+5 Slay+3}
   (You found it in an ice cave)

   [ring of ice]

   It enhances your ice magic.
   Dex:       It affects your dexterity (+5).
   Slay:      It affects your accuracy & damage with ranged weapons and melee
   (+3).
   rF:        It makes you vulnerable to fire.
   rC:        It protects you from cold.
 Z - an amulet of the acrobat
   (You found it on level 11 of the Dungeon)
Wands
 b - a wand of acid (5)
   (You took it off Psyche on level 9 of the Dungeon)
 f - a wand of polymorph (14)
   (You found it on level 5 of the Lair of Beasts)
 p - a wand of digging (14)
   (You found it on level 6 of the Dungeon)
 q - a wand of mindburst (14)
   (You found it on level 4 of the Dungeon)
 w - a wand of iceblast (4)
   (You found it on level 5 of the Lair of Beasts)
Scrolls
 d - 9 scrolls of fog
 k - 6 scrolls of fear
 m - 6 scrolls of poison {!r}
 o - 2 scrolls of magic mapping {!r}
 x - 2 scrolls of immolation {!r!r}
 A - 5 scrolls of enchant armour
 D - 4 scrolls of enchant weapon
 E - 2 scrolls of vulnerability {!r!r}
 J - 2 scrolls of summoning
 K - 5 scrolls of teleportation {@r4}
 L - 2 scrolls of brand weapon
 N - 6 scrolls of amnesia
Potions
 c - 3 potions of flight
 e - 2 potions of haste {@q3}
 g - 9 potions of heal wounds {@q2}
 h - 10 potions of curing {@q1}
 i - 4 potions of attraction {!q}
 l - 3 potions of berserk rage {!q}
 r - 4 potions of cancellation
 z - 4 potions of mutation {!q}
 F - 5 potions of lignification {!q}
 M - 6 potions of might
 P - 4 potions of resistance
 Q - 3 potions of ambrosia
 Y - 2 potions of invisibility
Miscellaneous
 n - a condenser vane
   (You found it on level 6 of the Lair of Beasts)
 R - a lightning rod (4/4)
   (You found it in a Gauntlet)
 S - a phial of floods
   (You found it in a Gauntlet)
 V - a phantom mirror
   (You found it on level 5 of the Lair of Beasts)

Dungeon Overview and Level Annotations

Branches:
Dungeon (12/15)            Temple (1/1) D:7            Lair (6/6) D:8
 Shoals (0/4) Lair:2        Snake (0/4) Lair:4        Slime (0/5) Lair:6
    Orc (2/2) D:12            Elf (0/3) Orc:2         IceCv (visited)
Gauntlet (visited)

Altars:
Ashenzari
Cheibriados
Dithmenos
Elyvilon
Fedhas
Gozag
Hepliaklqana
Kikubaaqudgha
Makhleb
Nemelex Xobeh
Okawaru
Qazlal
Ru
Sif Muna
Trog
Uskayaw
Vehumet
Wu Jian
Xom
Yredelemnul
Zin
The Shining One

Shops:
D:10 (

Portals:
Hell: Lair:6

Annotations:
D:3 2 transporters, samgaumpmail's ghost, amateur DrTm
D:9 3 runed translucent doors, MechDurjaeses's ghost, journeyman HOFi
D:12 2 transporters, MechDurjaeses's ghost, journeyman GnFi

####### ###
#o..o8#** ...
#.o..o.oo.# * *
... *
..o...o.....# *
.o.
..o....o.....#
* ... * ∩
*.#.#.#o#.#.#.#
#.# , o. o..o
o...,.. , .. *
,. .. .o .. ..
. .,. ,, .....o
...... , , ...
, #.#


You could see 3 orc knights, 2 orc high priests, 7 orc warriors, 3 orc priests
and 2 orcs.


Message History

HP[-21] MP[+1]
You take 21 damage, and now have 55/140 hp.
Your mp is fully restored (35).
You batter the orc knight!!
You kill the orc knight!
The orc no longer looks unusually strong. x2
The orc knight no longer looks unusually strong.
The orc no longer looks unusually strong.
The orc priest no longer looks unusually strong. x2
You block the orc priest's attack.
The orc warrior hits you but does no damage.
An orc high priest comes into view. It is wielding a +0 halberd.
The orc barely misses you.
The orc priest mumbles some strange prayers to Beogh against you.
Beogh smites you!
* * * LOW HITPOINT WARNING * * *
The orc closely misses you. The orc warrior misses you.
The orc warrior closely misses you.
The orc priest mumbles some strange prayers to Beogh against you.
Beogh smites you!
* * * LOW HITPOINT WARNING * * *
You block the orc's attack.
The orc priest hits you but does no damage.
The orc warrior completely misses you.
The orc warrior hits you but does no damage.
HP[-26]
You take 26 damage, and now have 29/140 hp.
Read: 7 scrolls of fear
Press: ? - help, Q - select action, (/) - cycle Dir - look around, f - activate Look: an orc priest, wielding a +0 hand axe of electrocution (strong, chance to affect: 97%)
As you read the scroll of fear, it crumbles to dust.
You assume a fearsome visage.
The orc priest looks frightened! x3; The orc looks frightened!
The orc knight looks frightened!
The orc looks frightened!
The orc high priest looks frightened!
The orc knight looks frightened!
The orc warrior looks frightened! x2; The orc looks frightened!
The orc warrior looks frightened!
The orc looks frightened! x2; The orc priest looks frightened! x2
The orc warrior no longer looks unusually strong.
The orc wails, "Oh dear!
Oh dear!"
HP[+1]
As you read the scroll of teleportation {@r4}, it crumbles to dust.
You feel strangely unstable.
The orc priest no longer looks unusually strong. x3
The orc warrior no longer looks unusually strong.
The orc warrior begs, "Please don't kill me!"
An orc warrior comes into view. It is wielding a +0 trident.
The orc warrior cries, "Mercy!"
The orc priest gives up.
The orc enters a dispersal trap!
The orc warrior blinks! x2; The orc blinks! x2
The orc warrior blinks!
The orc priest blinks! x2; The orc blinks!
You blink.
An orc knight and 2 orcs come into view.
An orc is wielding a +0 mace of protection.
The orc priest cries, "Oh dear!
Oh dear!"
An orc warrior comes into view. It is wielding a +0 hand axe.
The orc warrior moves out of view.
The orc shouts!
You bludgeon the orc!
You kill the orc!
You hear a shout!
You bludgeon the orc!
You kill the orc!
Your surroundings suddenly seem different. 9 orcs come into view.
The orc high priest shouts!
The orc warrior shouts!
You hear a shout!
The orc knight shouts!
You hear a shout!
The orc priest shouts!
The orc warrior shouts!
You hear a shout! x4; The orc shouts!
You hear a shout! x3
An orc priest comes into view. It is wielding a +0 dagger.
An orc priest comes into view.
It is wielding a +0 club and wearing a +0 ring mail of fire resistance.
An orc warrior comes into view. It is wielding a +0 halberd.
An orc warrior comes into view. It is wielding a +0 glaive.
An orc warrior comes into view. It is wielding a +0 short sword.
An orc priest comes into view. It is wielding a +0 whip.
An orc warrior comes into view.
It is wielding a +2 long sword of draining.
The orc knight roars a battlecry!
The orcs go into a battle-frenzy!
An orc warrior comes into view. It is wielding a +0 war axe.
The orc moves out of view. x2
The orc warrior shouts!
You hear a shout!
The orc priest shouts!
HP[+1]
As you read the scroll of teleportation {@r4}, it crumbles to dust.
You feel strangely unstable.
The orc warrior shouts!
The orc high priest hits you with a +0 morningstar!
* * * LOW HITPOINT WARNING * * *
The orc knight hits you but does no damage.
The orc high priest sings a few bars from the Orcish anthem.
The orc high priest hits you but does no damage.
The orc knight roars a battlecry!
The orcs go into a battle-frenzy!
An orc high priest comes into view. It is wielding a +0 halberd.
An orc knight comes into view. It is wielding a +3 long sword.
The orc priest calls down the wrath of Beogh upon you.
Beogh smites you!
* * * LOW HITPOINT WARNING * * *
The orc priest calls down the wrath of Beogh upon you.
Beogh smites you!
You die...

Skill      XL: |  1  2  3  4  5  6  7  8  9 10 11 12 13 14 15 |
---------------+----------------------------------------------+-----
Earth Magic    | 4 5 6 7 10 12 | 12.5
Spellcasting   | 3 4 5 6 |  6.0
Transmutations | 3 7 10 12 15 | 15.0
Unarmed Combat | 3 9 |  9.1
Fighting       | 3 9 10 | 10.5
Shields        | 3 5 8 |  8.7
Dodging        | 6 10 | 10.0
Stealth        | |  2.6

Action                   |  1- 3 |  4- 6 |  7- 9 | 10-12 | 13-15 || total
-------------------------+-------+-------+-------+-------+-------++-------
Melee: Unarmed           |    10 |       |       |   278 |   621 ||   909
       Dagger            |    27 |    51 |    31 |       |       ||   109
       Constrict         |    10 |    11 |     8 |    54 |    97 ||   180
       Tentacles         |     4 |     6 |     9 |    76 |   176 ||   271
       Short sword       |       |       |    18 |       |       ||    18
       Punch             |       |       |     1 |    19 |    39 ||    59
 Cast: Sandblast         |    27 |    25 |    48 |    30 |       ||   130
       Stone Arrow       |       |     3 |    26 |    11 |     1 ||    41
       Lee's Rapid Decon |       |       |    15 |    17 |    12 ||    44
       Statue Form       |       |       |       |    33 |    85 ||   118
Invok: Curse Item        |       |       |       |     4 |     3 ||     7
       Shatter the Chain |       |       |       |       |     1 ||     1
Evoke: Wand              |       |       |    12 |       |       ||    12
  Use: Scroll            |       |       |     1 |     7 |     6 ||    14
       Potion            |       |       |       |     1 |     2 ||     3
 Stab: Sleeping          |     9 |    15 |     2 |     2 |    13 ||    41
       Distracted        |       |       |       |     1 |       ||     1
Armor: Skin              |     5 |     1 |    11 |   158 |   553 ||   728
Dodge: Dodged            |    20 |    30 |    51 |   165 |   598 ||   864
Block: Buckler           |       |       |       |   116 |   545 ||   661
       Reflection        |       |       |       |       |    16 ||    16

Levels and vault maps discovered:
D:1:      giann_forest_graveyard, layout_basic
D:2:      layout_loops_ring, corexii_shack
D:3:      layout_loops_corners, chequers_ecumenical_altar_simple,
          gammafunk_ghost_smash, minmay_fractal_squares_diagonal_5
D:4:      layout_layer_cave, mainiacjoe_overflow_chevrons,
          mainiacjoe_overflow_two_lobes, uniq_menkaure, uniq_natasha
D:5:      layout_basic, serial_co_window_serial, co_window_cross_1,
          co_window_paths_a, co_window_corner_a, co_window_paths_b,
          co_window_of_opportunity_a, co_window_paths_b, co_window_paths_b,
          co_window_broadway_b, co_window_corner_b, co_window_2corner,
          co_window_of_opportunity_b, co_window_broadway_a,
          co_window_of_opportunity_b, glass_columns_b, glass_columns_a
D:6:      layout_gridville, uniq_blork_the_orc, uniq_pikel
D:7:      layout_rooms, minmay_temple_entry_large_hall
D:8:      layout_basic, lemuel_coloured_pillars_altar, erik_lair_island,
          minmay_misc_feat_doors, minmay_misc_feat_tower
D:9:      erik_cavepeople, layout_basic, ebering_ghost_rock_garden
D:10:     layout_roguey, lemuel_crystal_altar, mainiacjoe_overflow_catwalk,
          serial_shops, nicolae_shop_bloodbath_and_beyond, serial_bayou_ford_a,
          kennysheep_generic_room_14
D:11:     layout_basic, portal_ice_cave_demonic_guard
D:12:     layout_basic, david_orc_2, gammafunk_ghost_stat_death, eino_curves_04,
          evilmike_ruin_ashenzari
Temple:   regret_index_temple_sphere_string
Lair:1:   layout_roguey, lemuel_fruit_fields
Lair:2:   layout_concentric_octagons, elwin_shoals_entry_stream
Lair:3:   layout_layer_cave, gauntlet_entry_generic, minivault_26,
          chequers_serial_rivers_micro_b, uniq_urug
Lair:4:   layout_regular_city, guppyfry_snake_entry_garden,
          infiniplex_staircase_pool_2
Lair:5:   beast_lair_carwin_large_3, layout_cave_pods
Lair:6:   evil_forest, layout_loops_ring, minmay_slime_entry_jelly_boxes,
          hibernation_bobbens
Orc:1:    layout_caves
Orc:2:    st_orc_pillars, layout_diamond_mine

Notes
Turn   | Place    | Note
-------+----------+-------------------------------------------
     0 | D:1      | zeratav the Octopode Earth Elementalist began the quest for
                  | the Orb.
     0 | D:1      | Reached XP level 1. HP: 11/11 MP: 3/3
     0 | D:1      | magus.rc [v1.9.6]
   524 | D:1      | Reached XP level 2. HP: 7/17 MP: 0/5
  1428 | D:1      | magus.rc [v1.9.6]
  1833 | D:2      | Reached XP level 3. HP: 21/21 MP: 6/6
  1989 | D:2      | Reached skill level 4 in Earth Magic
  2087 | D:2      | HP: 5/21 [poisoned by an adder]
  2579 | D:2      | Reached XP level 4. HP: 24/27 MP: 5/8
  3620 | D:3      | Reached skill level 3 in Spellcasting
  3944 | D:3      | You add the spells Borgnjor's Revivification, Necromutation
                  | and Death's Door to your library.
  3968 | D:3      | Reached skill level 5 in Earth Magic
  3968 | D:3      | Reached XP level 5. HP: 8/31 MP: 4/9
  4364 | D:3      | Found a transporter.
  4364 | D:3      | Noticed an ogre
  4364 | D:3      | Noticed an ogre
  4364 | D:3      | Noticed samgaumpmail's ghost (amateur DrTm)
  4365 | D:3      | Found a transporter.
  4459 | D:3      | Found a faded altar of an unknown god.
  4822 | D:3      | Learned a level 3 spell: Stone Arrow
  4836 | D:4      | Noticed Menkaure
  4845 | D:4      | Killed Menkaure
  4846 | D:4      | Reached XP level 6. HP: 36/36 MP: 4/11
  5111 | D:4      | Found a bloodstained altar of Trog.
  5230 | D:4      | Reached skill level 6 in Earth Magic
  5399 | D:4      | Noticed Natasha
  5408 | D:4      | Killed Natasha
  5505 | D:4      | Reached skill level 4 in Spellcasting
  5570 | D:4      | Reached XP level 7. HP: 41/41 MP: 7/13
  5737 | D:4      | Found a sacrificial altar of Ru.
  5775 | D:4      | Found a snail-covered altar of Cheibriados.
  6369 | D:5      | Entered Level 5 of the Dungeon
  6549 | D:5      | Reached skill level 7 in Earth Magic
  6840 | D:5      | Identified the amulet "Siputapn" {Spirit Will+ Str+3}
  6960 | D:5      | You pick up a book of the Earth and begin reading...
  6960 | D:5      | You add the spells Leda's Liquefaction, Lee's Rapid
                  | Deconstruction and Statue Form to your library.
  7039 | D:5      | Learned a level 5 spell: Lee's Rapid Deconstruction
  7236 | D:5      | Reached skill level 5 in Spellcasting
  7236 | D:5      | Reached XP level 8. HP: 46/46 MP: 4/15
  7586 | D:6      | Reached skill level 8 in Earth Magic
  7873 | D:6      | HP: 9/46 [orc warrior/+2 vampiric short sword (8)]
  8313 | D:6      | Noticed Blork the orc
  8318 | D:6      | Killed Blork the orc
  8450 | D:6      | Reached skill level 9 in Earth Magic
  8530 | D:6      | Noticed Pikel
  8828 | D:6      | Killed Pikel
  8829 | D:6      | Reached skill level 6 in Spellcasting
  8829 | D:6      | Reached skill level 10 in Earth Magic
  8829 | D:6      | Reached skill level 3 in Transmutations
  8829 | D:6      | Reached XP level 9. HP: 51/51 MP: 10/18
  9061 | D:6      | Reached skill level 4 in Transmutations
  9444 | D:7      | Found a staircase to the Ecumenical Temple.
  9457 | D:7      | Reached skill level 5 in Transmutations
  9476 | D:7      | HP: 11/51 [something (3)]
  9481 | D:7      | HP: 2/51 [something/magic dart (5)]
  9482 | D:7      | Reached skill level 6 in Transmutations
  9830 | Temple   | Entered the Ecumenical Temple
  9999 | Temple   | Became a worshipper of Ashenzari the Shackled
 10578 | D:8      | Reached skill level 7 in Transmutations
 10685 | D:8      | Learned a level 6 spell: Statue Form
 10695 | D:8      | Reached XP level 10. HP: 56/56 MP: 7/19
 10703 | D:8      | Reached skill level 8 in Transmutations
 11027 | D:8      | Found an ornate altar of the Wu Jian Council.
 11085 | D:8      | Reached skill level 1 in Unarmed Combat
 11261 | D:8      | Found a staircase to the Lair.
 11274 | D:8      | Reached skill level 2 in Unarmed Combat
 11814 | D:9      | Reached skill level 3 in Unarmed Combat
 11820 | D:9      | Noticed a two-headed ogre
 11822 | D:9      | Killed a two-headed ogre
 11823 | D:9      | Reached skill level 9 in Transmutations
 11985 | D:9      | Found a runed translucent gate.
 11985 | D:9      | Found a runed translucent gate.
 11986 | D:9      | Found a runed translucent gate.
 11986 | D:9      | Noticed MechDurjaeses's ghost (journeyman HOFi)
 12015 | D:9      | Reached skill level 10 in Transmutations
 12016 | D:9      | Reached skill level 1 in Fighting
 12016 | D:9      | Reached skill level 1 in Shields
 12298 | D:9      | Noticed Jessica
 12300 | D:9      | Noticed Psyche
 12307 | D:9      | Reached skill level 2 in Fighting
 12307 | D:9      | Reached skill level 2 in Shields
 12317 | D:9      | Reached skill level 3 in Fighting
 12317 | D:9      | Reached skill level 3 in Shields
 12325 | D:9      | Reached XP level 11. HP: 69/69 MP: 18/20
 12329 | D:9      | Reached skill level 4 in Fighting
 12329 | D:9      | Reached skill level 4 in Shields
 12337 | D:9      | Killed Psyche
 12337 | D:9      | Killed Jessica
 12510 | D:9      | Identified the ring "Wayrosm" {Wiz rCorr}
 12723 | D:9      | Reached skill level 5 in Fighting
 12723 | D:9      | Reached skill level 5 in Shields
 13003 | D:10     | Entered Level 10 of the Dungeon
 13115 | D:10     | Found a radiant altar of Vehumet.
 13123 | D:10     | Found Leblibum's Weapon Emporium.
 13145 | D:10     | Reached skill level 6 in Fighting
 13152 | D:10     | You add the spells Alistair's Intoxication, Borgnjor's Vile
                  | Clutch and Eringya's Noxious Bog to your library.
 13163 | D:10     | Learned a level 5 spell: Borgnjor's Vile Clutch
 13314 | D:10     | Reached skill level 7 in Fighting
 13415 | D:10     | Reached * piety under Ashenzari
 13488 | D:10     | Found a basalt altar of Yredelemnul.
 13971 | Lair:1   | Entered Level 1 of the Lair of Beasts
 14133 | Lair:1   | Reached skill level 8 in Fighting
 14629 | Lair:1   | Reached skill level 9 in Fighting
 14988 | Lair:2   | Found a staircase to the Shoals.
 15001 | Lair:2   | Reached XP level 12. HP: 87/87 MP: 18/22
 15209 | Lair:2   | Reached ** piety under Ashenzari
 15546 | Lair:2   | Reached skill level 11 in Transmutations
 15546 | Lair:2   | Reached skill level 11 in Earth Magic
 15648 | Lair:2   | Noticed a boulder beetle
 15674 | Lair:2   | Killed a boulder beetle
 16125 | Lair:3   | Noticed a five-headed hydra
 16127 | Lair:3   | Noticed a four-headed hydra
 16130 | Lair:3   | Killed a five-headed hydra
 16134 | Lair:3   | Killed a four-headed hydra
 16155 | Lair:3   | Noticed Urug
 16171 | Lair:3   | Killed Urug
 16172 | Lair:3   | Reached skill level 12 in Transmutations
 16172 | Lair:3   | Reached skill level 12 in Earth Magic
 16191 | Lair:3   | Found a gate leading to a gauntlet.
 16213 | Gauntlet | Entered a Gauntlet
 16213 | Gauntlet | Found a transporter.
 16220 | Gauntlet | Noticed a tengu warrior
 16391 | Gauntlet | Found a transporter.
 16395 | Gauntlet | Found a transporter.
 16400 | Gauntlet | Noticed a tengu warrior
 16406 | Gauntlet | Found a transporter.
 16407 | Gauntlet | Found a transporter.
 16415 | Gauntlet | Found a transporter.
 16415 | Gauntlet | Noticed a dire elephant
 16419 | Gauntlet | Found a transporter.
 16420 | Gauntlet | Identified the +3 pair of boots "Gucimma" {Dex+2}
 16422 | Gauntlet | Noticed a green death
 16427 | Gauntlet | Found a transporter.
 16432 | Gauntlet | Found a transporter.
 16440 | Gauntlet | Found a transporter.
 16443 | Gauntlet | Identified the ring of Vijuulat {rF+ Int+4}
 16474 | Gauntlet | Found a transporter.
 16478 | Gauntlet | Identified the ring "Zoanong" {MP+9 Str+3 Int-3 Slay+3
                  | SInv}
 16486 | Gauntlet | Found a transporter.
 16498 | Gauntlet | Found a transporter.
 16511 | Gauntlet | Found a transporter.
 16653 | Gauntlet | Killed a tengu warrior
 16815 | Gauntlet | Killed a tengu warrior
 16816 | Gauntlet | Reached XP level 13. HP: 93/93 MP: 17/23
 17060 | Gauntlet | Killed a dire elephant
 17064 | Gauntlet | Reached skill level 13 in Transmutations
 17432 | Gauntlet | Killed a green death
 17608 | Gauntlet | Noticed a minotaur
 17612 | Gauntlet | Killed a minotaur
 17654 | Gauntlet | You pick up a book of the Senses and begin reading...
 17654 | Gauntlet | You add the spells Dazzling Flash, Agony and Silence to
                  | your library.
 17894 | Lair:3   | Reached skill level 14 in Transmutations
 18668 | Lair:4   | Identified the +0 pair of boots "Tofusun" {rF+ rC++ rCorr
                  | Str-2}
 18855 | Lair:4   | Reached skill level 15 in Transmutations
 18879 | Lair:4   | Reached skill level 3 in Dodging
 18995 | Lair:4   | Found a staircase to the Snake Pit.
 19702 | Lair:5   | Reached skill level 4 in Dodging
 19796 | Lair:5   | Reached skill level 5 in Dodging
 19808 | Lair:5   | Reached skill level 6 in Dodging
 20260 | Lair:5   | Reached XP level 14. HP: 99/99 MP: 24/24
 20263 | Lair:5   | Reached skill level 7 in Dodging
 20603 | Lair:5   | Noticed a dire elephant
 20615 | Lair:5   | Reached skill level 8 in Dodging
 20625 | Lair:5   | Killed a dire elephant
 20851 | Lair:5   | You pick up a book of Lightning and begin reading...
 20851 | Lair:5   | You add the spells Static Discharge, Lightning Bolt and
                  | Maxwell's Capacitive Coupling to your library.
 21006 | Lair:6   | Entered Level 6 of the Lair of Beasts
 21078 | Lair:6   | Reached skill level 9 in Dodging
 21537 | Lair:6   | Reached skill level 10 in Dodging
 21555 | Lair:6   | Reached skill level 4 in Unarmed Combat
 21761 | Lair:6   | Reached skill level 5 in Unarmed Combat
 22138 | Lair:6   | Found a staircase to the Slime Pits.
 22141 | Lair:6   | Reached skill level 6 in Unarmed Combat
 22289 | Lair:6   | Reached skill level 7 in Unarmed Combat
 22586 | Lair:6   | Found a burning altar of Makhleb.
 22593 | Lair:6   | Reached skill level 8 in Unarmed Combat
 22782 | Lair:6   | Found a gateway to Hell.
 22782 | Lair:6   | Identified the +1 dagger of the Crafting Badger {vorpal,
                  | rPois Int+3 Dex-4}
 23791 | D:11     | Found a frozen archway.
 23796 | D:11     | Reached skill level 9 in Unarmed Combat
 23817 | IceCv    | Entered an ice cave
 23824 | IceCv    | Reached XP level 15. HP: 105/105 MP: 25/25
 23910 | IceCv    | Identified the Reference Book on the Frostbite
 23913 | IceCv    | Identified a +0 crystal plate armour of cold resistance
 23944 | IceCv    | You add the spells Ozocubu's Armour, Summon Ice Beast, Ice
                  | Form and Ozocubu's Refrigeration to your library.
 23948 | IceCv    | W - a +0 crystal plate armour of cold resistance {rare=g}
 24089 | IceCv    | Reached skill level 6 in Shields
 24274 | IceCv    | Reached skill level 7 in Shields
 24352 | IceCv    | Found a viscous altar of Jiyva.
 24352 | IceCv    | Noticed an azure jelly
 24359 | IceCv    | Killed an azure jelly
 24366 | IceCv    | Identified the ring of the Villain {Ice Dex+5 Slay+3}
 24367 | IceCv    | Identified Firaajek's Volume of the Snowflakes
 24367 | IceCv    | Identified the +1 mace "Kydigag" {freeze, Dex+2}
 24376 | IceCv    | You add the spells Hailstorm and Polar Vortex to your
                  | library.
 24529 | D:11     | Identified the +1 leather armour of Huurr {Regen+}
 24647 | D:11     | Reached skill level 8 in Shields
 24981 | D:12     | Found a broken altar of Ashenzari.
 25022 | D:12     | Found a transporter.
 25026 | D:12     | Noticed MechDurjaeses's ghost (journeyman GnFi)
 25093 | D:12     | You pick up a book of Conjurations {@e2} and begin
                  | reading...
 25093 | D:12     | You add the spells Magic Dart, Searing Ray and Fulminant
                  | Prism to your library.
 25159 | D:12     | Learned a level 2 spell: Passwall
 25232 | D:12     | Found a transporter.
 25261 | D:12     | Identified the Grimoire of Evil and Calling
 25341 | D:12     | Found a staircase to the Orcish Mines.
 25513 | D:12     | Reached *** piety under Ashenzari
 25566 | Orc:1    | Entered Level 1 of the Orcish Mines
 25867 | Orc:1    | Reached skill level 10 in Fighting
 26222 | Orc:2    | Entered Level 2 of the Orcish Mines
 26613 | Orc:2    | Found a staircase to the Elven Halls.
 26812 | Orc:2    | HP: 29/140 [orc priest/divine providence (12)]
 26817 | Orc:2    | HP: 19/140 [orc high priest/+0 morningstar (12)]
 26817 | Orc:2    | HP: 6/140 [orc priest/divine providence (13)]
 26817 | Orc:2    | Killed from afar by an orc priest

Vanquished Creatures
  An azure jelly (IceCv)
  2 quicksilver oozes (IceCv)
  2 dire elephants
  A minotaur (Gauntlet)
  A green death (Gauntlet)
  7 hydras
  A boulder beetle (Lair:2)
  2 centaur warriors (D:12)
  A catoblepas (D:12)
  2 two-headed ogres
  2 tengu warriors (Gauntlet)
  6 death yaks (Lair:6)
  Urug (Lair:3)
  A sixfirhy (Lair:6)
  A wizard (Lair:6)
  A lindwurm (Lair:6)
  5 orc knights
  Pikel (D:6)
  A deep elf pyromancer (D:12)
  An oklob plant (Lair:6)
  An ugly thing (D:12)
  A manticore (D:12)
  22 elephants
  4 merfolk sirens (Lair:2)
  2 black mambas
  2 torpor snails (Lair:2)
  A smoke demon (Lair:6)
  A gargoyle (D:12)
  3 orange demons
  3 ice statues (IceCv)
  Psyche (D:9)
  6 rime drakes
  18 cane toads
  8 komodo dragons
  6 ice devils
  3 tengu conjurers (Gauntlet)
  2 entropy weaver simulacra (IceCv)
  A red devil (Lair:6)
  4 polar bears
  6 trolls
  A tyrant leech (Gauntlet)
  8 slime creatures (IceCv)
  10 blink frogs
  5 dream sheep (Lair:4)
  A shadow (D:10)
  3 wyverns
  3 wraiths
  50 yaks
  6 humans (D:9)
  7 basilisks
  3 steam dragons (D:6)
  4 wargs
  2 nagas (Lair:4)
  3 demonic crawler simulacra (IceCv)
  4 swamp worms (Gauntlet)
  Menkaure (D:4)
  3 hell hounds (Lair:6)
  14 water moccasins
  13 orc warriors
  2 ice beasts
  2 black bears
  5 ugly thing simulacra (IceCv)
  5 ogres
  14 wolves
  4 centaurs
  3 phantoms
  2 lemures (D:6)
  2 kobold brigands
  Blork the orc (D:6)
  24 bullfrogs
  2 gnoll sergeants
  4 glowing shapeshifter simulacra (IceCv)
  4 scorpions
  14 wights
  9 killer bees
  6 electric eels
  4 howler monkeys
  15 jellies
  13 hounds
  12 orc priests
  An iguana (D:3)
  Jessica (D:9)
  Natasha (D:4)
  11 orc wizards
  10 gnolls
  10 adders
  A shadow imp (D:6)
  A worm (D:2)
  A dart slug (D:1)
  56 orcs
  5 ball pythons
  8 endoplasms
  4 giant cockroaches
  10 goblins
  7 hobgoblins
  14 kobolds
  2 quokkas
  7 bats
  A frilled lizard (D:1)
  10 rats
  A plant (Lair:6)
585 creatures vanquished.

Vanquished Creatures (others)
  An entropy weaver simulacrum (IceCv)
  A glowing shapeshifter simulacrum (IceCv)
  51 fungi
  56 plants
109 creatures vanquished.

Grand Total: 694 creatures vanquished

Table legend:
 A = Non-vault XP
 B = Vault XP
 C = Vault XP percentage of total XP
 D = Non-vault monster count
 E = Vault monster count
 F = Vault count percentage of total count
                 A         B        C        D         E       F
            +---------+---------+-------+---------+---------+-------
      Total |   68303 |   42648 |  38.4 |     422 |     161 |  27.6
            +---------+---------+-------+---------+---------+-------
        D:1 |      30 |       0 |   0.0 |      15 |       0 |   0.0
        D:2 |      85 |       0 |   0.0 |      22 |       0 |   0.0
        D:3 |      67 |      47 |  41.2 |      21 |       6 |  22.2
        D:4 |     298 |     189 |  38.8 |      12 |       2 |  14.3
        D:5 |     504 |       0 |   0.0 |      15 |       0 |   0.0
        D:6 |    1315 |     689 |  34.4 |      23 |       2 |   8.0
        D:7 |     927 |       0 |   0.0 |      15 |       0 |   0.0
        D:8 |    1011 |     583 |  36.6 |      23 |       6 |  20.7
        D:9 |    2756 |    2871 |  51.0 |      22 |      17 |  43.6
       D:10 |    2609 |     410 |  13.6 |      28 |       2 |   6.7
       D:11 |    2867 |     708 |  19.8 |      11 |       2 |  15.4
       D:12 |    5617 |      21 |   0.4 |      19 |       7 |  26.9
     Lair:1 |    2408 |       0 |   0.0 |      11 |       0 |   0.0
     Lair:2 |    4893 |    1879 |  27.7 |      19 |       4 |  17.4
     Lair:3 |    7975 |     806 |   9.2 |      28 |       1 |   3.4
     Lair:4 |    6856 |     329 |   4.6 |      27 |       2 |   6.9
     Lair:5 |    6893 |    4864 |  41.4 |      22 |       9 |  29.0
     Lair:6 |   14680 |   11019 |  42.9 |      40 |      41 |  50.6
      Orc:1 |    4425 |       0 |   0.0 |      36 |       0 |   0.0
      Orc:2 |    1819 |     881 |  32.6 |      12 |      14 |  53.8
      IceCv |     268 |    8573 |  97.0 |       1 |      28 |  96.6
   Gauntlet |       0 |    8779 | 100.0 |       0 |      18 | 100.0
            +---------+---------+-------+---------+---------+-------

Illustrated notes

Table legend:
 A = Kills in this place as a percentage of kills in entire the game.
 B = Kills by you in this place as a percentage of kills by you in the entire game.
 C = Kills by friends in this place as a percentage of kills by friends in the entire game.
 D = Other kills in this place as a percentage of other kills in the entire game.
 E = Experience gained in this place as a percentage of experience gained in the entire game.
 F = Experience gained in this place divided by the number of levels of this place that you have seen.
                   A       B       C       D       E      F
               +-------+-------+-------+-------+-------+----------------------
         Total | 100.0 | 100.0 |   N/A | 100.0 | 100.0 | 4824.0
       Dungeon |  46.3 |  46.4 |   N/A |   0.0 |  21.3 | 1967.0
          Lair |  35.0 |  35.1 |   N/A |   0.0 |  56.4 | 10433.7
  Orcish Mines |  10.6 |  10.7 |   N/A |   0.0 |   6.4 | 3562.5
      Ice Cave |   5.0 |   4.8 |   N/A | 100.0 |   8.0 | 8841.0
      Gauntlet |   3.1 |   3.1 |   N/A |   0.0 |   7.9 | 8779.0
               +-------+-------+-------+-------+-------+----------------------

Table legend: (Time is in decaauts)
 A = Elapsed time spent in this place.
 B = Non-inter-level travel time spent in this place.
 C = Inter-level travel time spent in this place.
 D = Time resting spent in this place.
 E = Time spent auto-exploring this place.
 F = Levels seen in this place.
 G = Mean time per level.
                   A        B        C        D        E       F      G
               +--------+--------+--------+--------+--------+-----+--------+
         Total |  29943 |  28645 |   1298 |   5609 |  17965 |  23 | 1301.9 |
       Dungeon |  16091 |  15343 |    748 |   2815 |  10331 |  12 | 1340.9 |
        Temple |    182 |    139 |     43 |      0 |    124 |   1 |  182.0 |
          Lair |   9779 |   9280 |    499 |    973 |   6531 |   6 | 1629.8 |
  Orcish Mines |   1274 |   1267 |      7 |    162 |    828 |   2 |  637.0 |
      Ice Cave |    801 |    801 |      0 |    403 |      0 |   1 |  801.0 |
      Gauntlet |   1813 |   1813 |      0 |   1256 |    151 |   1 | 1813.0 |
               +--------+--------+--------+--------+--------+-----+--------+

Top non-repeatable levels by time:
  Lair:6: 2537 daAuts
  Lair:5: 2077 daAuts
Gauntlet: 1813 daAuts
     D:1: 1801 daAuts
     D:5: 1749 daAuts
     D:6: 1614 daAuts
  Lair:2: 1545 daAuts
     D:4: 1532 daAuts
     D:3: 1524 daAuts
     D:2: 1509 daAuts
     D:9: 1413 daAuts
  Lair:4: 1310 daAuts
    D:10: 1249 daAuts
  Lair:3: 1219 daAuts
     D:8: 1216 daAuts
